AoeStats
← DuentePreto

Lombardia

510162717Analyzed
2v2 RM · 3d ago on Sep 29, 2026· 54m 12s· 4 players
Game mode
Random Map
Map size
Medium (4 player)
Population
200
Speed
Normal
Resources
Standard
Victory
Conquest
Starting age
Dark Age
Ending age
Imperial Age
RankedLock teamsTeams togetherTeam positionsShared explorationLock speedFull tech treeHidden civsTurbo modeCheats
Victory
Defeat
🇺🇦 Lithuanians · Ukraine
1160
+14
🇧🇷 Khmer · Brazil
1141
+16
🇨🇿 Burmese · Czechia
1130
-15
🇸🇰 Vietnamese · Slovakia
1118
-15
Den_mil
8:50 Loom
11:50 Feudal Age
16:07 Castle Age
18:56 Double-Bit Axe
20:10 Horse Collar
24:17 Wheelbarrow
23:34 Town Watch
24:33 Bow Saw
26:15 Heavy Plow
28:07 Gold Mining
29:38 Squires
29:02 Pikeman
30:43 Hand Cart
33:18 Imperial Age
33:24 Halberdier
35:03 Scale Barding Armor
35:09 Forging
35:10 Chatras
39:05 Crop Rotation
40:07 Two-Man Saw
40:20 Bloodlines
40:10 Husbandry
40:36 Chain Barding Armor
40:42 Elite Battle Elephant
43:29 Caravan
44:44 Plate Barding Armor
Venca9
9:23 Loom
11:54 Feudal Age
16:18 Castle Age
14:50 Horse Collar
18:26 Heavy Plow
20:07 Stone Mining
24:48 Wheelbarrow
24:22 Gold Mining
26:47 Hand Cart
27:15 Gold Shaft Mining
26:52 Pikeman
27:35 Squires
31:13 Devotion
32:09 Forging
32:00 Scale Mail Armor
31:50 Fletching
35:18 Imperial Age
33:49 Iron Casting
33:51 Gambesons
33:27 Man-at-Arms
34:46 Chain Mail Armor
35:19 Halberdier
36:32 Long Swordsman
36:58 Arson
38:00 Conscription
38:15 Masonry
38:06 Two-Handed Swordsman
40:01 Blast Furnace
39:39 Plate Mail Armor
39:29 Champion
41:38 Scale Barding Armor
42:12 Crop Rotation
43:51 Fletching
44:22 Chain Barding Armor
44:24 Manipur Cavalry
45:49 Fortified Wall
46:44 Bloodlines
47:03 Cavalier
48:45 Husbandry
Sealion42
7:10 Loom
9:35 Feudal Age
10:12 Double-Bit Axe
10:10 Horse Collar
12:15 Wheelbarrow
17:52 Castle Age
18:11 Scale Barding Armor
18:17 Forging
19:07 Bloodlines
18:58 Husbandry
20:09 Heavy Plow
20:37 Bow Saw
24:02 Chain Barding Armor
25:35 Iron Casting
40:21 Imperial Age
40:37 Cavalier
42:40 Chemistry
49:20 Gold Mining
DuentePreto
10:37 Feudal Age
13:40 Castle Age
11:50 Double-Bit Axe
14:49 Bow Saw
14:35 Horse Collar
19:27 Heavy Plow
20:42 Gold Mining
21:38 Bloodlines
22:31 Wheelbarrow
22:16 Loom
23:13 Gold Shaft Mining
22:49 Husbandry
23:09 Scale Barding Armor
24:27 Chain Barding Armor
24:46 Forging
25:07 Hand Cart
29:16 Imperial Age
27:16 Stone Mining
29:41 Stone Shaft Mining
29:52 Iron Casting
29:20 Cavalier
30:37 Plate Barding Armor
30:35 Capped Ram
33:29 Blast Furnace
32:04 Siege Ram
37:35 Fletching
37:24 Elite Ballista Elephant
39:05 Bodkin Arrow
39:11 Padded Archer Armor
40:13 Chemistry
39:34 Ballistics
39:44 Conscription
39:28 Double Crossbow
39:43 Masonry
39:42 Elite Skirmisher
42:27 Light Cavalry
43:50 Bracer
44:05 Leather Archer Armor
43:59 Hussar
46:37 Ring Archer Armor
46:40 Architecture
46:26 Fortified Wall
49:26 Town Watch
Connection lost

Rejoining the realm…

Still unreachable

The connection could not be restored.

Session expired

The server has moved on; the page needs a fresh start.